 Dungeon Crawl Stone Soup version 0.31-a0-202-g547052bce9 (webtiles) character file.

Game seed: 9349279654058280339

27 qw the Shooter (level 2, 0/16 HPs)
             Began as a Deep Elf Hunter on June 26, 2023.
             Slain by Terence
             ... wielding a +0 flail
              (10 damage)
             ... on level 2 of the Dungeon.
             The game lasted 00:00:17 (949 turns).

qw the Shooter (Deep Elf Hunter)                     Turns: 949, Time: 00:00:17

Health: 0/16       AC:  7    Str:  8    XL:     2   Next: 93%
Magic:  4/4        EV: 10    Int: 13    God:
Gold:   92         SH:  0    Dex: 18    Spells: 1/1 levels left

rFire   + . .        Y - +0 shortbow
rCold   + . .        (shield currently unavailable)
rNeg    . . .        f - +0 ring mail
rPois   .            m - +2 hat
rElec   .            k - scarf {rC+ rF+}
rCorr   .            (no gloves)
SInv    .            (no boots)
Will    .....        (no amulet)
Stlth   +            (no ring)
HPRegen 0.22/turn    (no ring)
MPRegen 0.09/turn

%: no passive effects
@: no status effects
A: no striking features
a: no special abilities


You were on level 2 of the Dungeon.
You visited 1 branch of the dungeon, and saw 2 of its levels.

You collected 92 gold pieces.


   Skills:
 - Level 1.5 Fighting
 + Level 6.6 Ranged Weapons
 - Level 2.4 Dodging
 - Level 1.2 Stealth


You had one spell level left.
You didn't know any spells.
Your spell library was empty.

Inventory:

Hand Weapons
 Y - a +0 shortbow (weapon)
Armour
 f - a +0 ring mail (worn)
 k - a scarf of resistance (worn)
 m - a +2 hat (worn)
Potions
 g - a potion of resistance
 j - a potion of cancellation {unknown}

Dungeon Overview and Level Annotations

Branches:
Dungeon (2/15)

Altars:

Annotations:
D:2 Terence


Message History

You shoot an arrow. The arrow misses the adder.
The adder barely misses you.
You shoot an arrow. The arrow closely misses the adder.
The adder bites you but does no damage. x2
You shoot an arrow. The arrow hits the adder.
The adder is heavily wounded.
The adder bites you but does no damage. x2
You shoot an arrow. The arrow completely misses the adder.
The adder bites you.
You shoot an arrow. The arrow hits the adder.
You kill the adder!
You start resting.
HP restored.
There is an open door, spattered with blood here.
You now have 65 gold pieces (gained 11).
You open the door.
There is an open door here.
As you open the door, it creaks loudly!
There is an open door here.
You now have 77 gold pieces (gained 12).
You now have 92 gold pieces (gained 15).
Terence the Incautious comes into view.
He is wielding a +0 flail.
Terence shouts!
You shoot an arrow.
The arrow hits Terence but does no damage.
You shoot an arrow. The arrow hits Terence.
Terence is moderately wounded.
You shoot an arrow.
The arrow hits Terence but does no damage.
Terence is moderately wounded.
Terence hits you with a +0 flail.
You shoot an arrow. The arrow hits Terence.
Terence is heavily wounded.
Terence barely misses you.
You shoot an arrow.
The arrow hits Terence but does no damage.
Terence is heavily wounded.
Terence hits you with a +0 flail!
Ouch! That really hurt!
You die...

######.################.....##.#.
............................'.>..
............######.####.....##.##
##.#...####.# #.....##.# # #.###
#.# #.....##.# #. #.## #.....##.#
#. #..### # #.....##.# #.
##...###.# ########.# ###..@..#
#.# ####@..# ..# #..# ...# #.#
..# ... ##


You could see Terence.

Vanquished Creatures
  An adder (D:2)
  2 endoplasms (D:1)
  2 giant cockroaches (D:1)
  3 goblins
  A hobgoblin (D:1)
  3 kobolds (D:1)
  3 bats (D:1)
  A frilled lizard (D:1)
16 creatures vanquished.

Notes
Turn   | Place    | Note
-------+----------+-------------------------------------------
     0 | D:1      | qw the Deep Elf Hunter began the quest for the Orb.
     0 | D:1      | Reached XP level 1. HP: 12/12 MP: 3/3
     0 | D:1      | 0 ||| qw: Version: 0.3-a-22-g0ed2b0b
     0 | D:1      | 0 ||| qw: Game counter: 5872
     0 | D:1      | 0 ||| qw: Melee chars always use a shield: true
     0 | D:1      | 0 ||| qw: God list: Okawaru
     0 | D:1      | 0 ||| qw: Allow faded altars: false
     0 | D:1      | 0 ||| qw: Do Orc after clearing Dungeon:15 true
     0 | D:1      | 0 ||| qw: Do second Lair branch before Depths: true
     0 | D:1      | 0 ||| qw: Lair rune preference: random
     0 | D:1      | 0 ||| qw: Goals: Normal
     0 | D:1      | 0 ||| PLANNING D:1-11
   236 | D:1      | Reached XP level 2. HP: 16/16 MP: 4/4
   241 | D:1      | Reached skill level 6 in Ranged Weapons
   787 | D:1      | 787 ||| UPGRADING to +0 ring mail.
   797 | D:1      | 797 ||| DROPPING +0 leather armour.
   798 | D:1      | 798 ||| UPGRADING to scarf of resistance.
   803 | D:1      | 803 ||| UPGRADING to +2 hat.
   808 | D:1      | 808 ||| READING scroll labelled NACKIPR ATWA.
   809 | D:1      | 809 ||| READING scroll labelled TERUNUU CEHOAT.
   810 | D:1      | 810 ||| READING scroll labelled OFRADW DAUTSEAM.
   811 | D:1      | 811 ||| READING scroll labelled MOOCKEOQIA.
   814 | D:1      | 814 ||| READING scroll labelled ZUGROC BOQ.
   815 | D:1      | 815 ||| READING scroll labelled WOARAGIDEPP.
   816 | D:1      | 816 ||| DRINKING 2 white potions.
   817 | D:1      | 817 ||| DROPPING scroll of butterflies.
   944 | D:2      | Noticed Terence
   949 | D:2      | Slain by Terence

Levels and vault maps discovered:
D:1:      dpeg_arrival_connections, layout_loops_ring,
          chequers_decorated_corner, chequers_serial_rivers_small_3,
          grunt_decor_one_mirror, minmay_misc_feat_rows, fountainhead,
          nrook_loot_triangle
D:2:      layout_basic, basic_altar, uniq_terence

Skill      XL: |  1  2 |
---------------+-------+-----
Ranged Weapons | 6 |  6.6
Fighting       | |  1.5
Dodging        | |  2.4
Stealth        | |  1.2

Action                     || total
---------------------------++-------
   Fire: Shortbow          ||    46
    Use: Scroll            ||     6
         Potion            ||     1
 Armour: Ring mail         ||     4
  Dodge: Dodged            ||     6

Table legend:
 A = Non-vault XP
 B = Vault XP
 C = Vault XP percentage of total XP
 D = Non-vault monster count
 E = Vault monster count
 F = Vault count percentage of total count
                 A         B        C        D         E       F
            +---------+---------+-------+---------+---------+-------
      Total |      39 |       0 |   0.0 |      16 |       0 |   0.0
            +---------+---------+-------+---------+---------+-------
        D:1 |      25 |       0 |   0.0 |      14 |       0 |   0.0
        D:2 |      14 |       0 |   0.0 |       2 |       0 |   0.0
            +---------+---------+-------+---------+---------+-------
